 Dungeon Crawl Stone Soup version 0.19-a0-1676-g39ae8cc (webtiles) character file.

2102 4thArraOfDagon the Grappler (level 9, 0/80 HPs)
             Began as a Troll Wanderer on Sept 23, 2016.
             Was a Follower of Cheibriados.
             Succumbed to a water moccasin's poison
             ... while paralysed
             ... on level 9 of the Dungeon.
             The game lasted 00:08:40 (1677 turns).

4thArraOfDagon the Grappler (Troll Wanderer)        Turns: 1677, Time: 00:08:41

Health: 0/80       AC:  5    Str: 27    XL:     9   Next: 7%
Magic:  11/11      EV:  1    Int: 16    God:    Cheibriados [*.....]
Gold:   209        SH:  0    Dex:  8    Spells: 2 memorised, 6 levels left

rFire  . . .     SeeInvis .       - Unarmed
rCold  . . .     Gourm    +     c - +0 robe
rNeg   . . .     Faith    .     a - +0 shield
rPois  .         Spirit   .     i - +0 hat {MR+}
rElec  .         Dismiss  .     (no cloak)
rCorr  .         Reflect  .     (gloves unavailable)
MR     ++...     Harm     .     (boots unavailable)
Stlth  ++........               (no amulet)
                                h - ring of protection from magic
                                g - ring of stealth

@: paralysed, lethally poisoned (0 -> -5), exhausted, very slightly
contaminated, hasted and slowed, very slow
A: unfitting armour, claws 3, fast metabolism 3, gourmand, regeneration 1,
shaggy fur 1, tough skin 2
a: Bend Time, Renounce Religion


You were on level 9 of the Dungeon.
You worshipped Cheibriados.
Cheibriados was aware of your devotion.
You were very full.

You visited 2 branches of the dungeon, and saw 10 of its levels.

You collected 209 gold pieces.

Inventory:

Missiles
 t - 4 large rocks (quivered)
Armour
 a - a +0 shield (worn)
 c - a +0 robe (worn)
 i - a +0 hat of magic resistance (worn)
Rods
 n - a +2 rod of inaccuracy (11/11)
   (You found it on level 6 of the Dungeon)
Jewellery
 g - a ring of stealth (left claw)
 h - a ring of protection from magic (right claw)
Wands
 l - a wand of slowing (8/48)
 o - a wand of slowing (17/48)
 p - a wand of lightning (5/15)
Scrolls
 d - a scroll of noise {unknown}
 j - a scroll of teleportation {unknown}
 q - a scroll of random uselessness {unknown}
 u - 2 scrolls of recharging
Potions
 e - a potion of beneficial mutation {unknown}
 m - a potion of curing {unknown}
Books
 b - the Grimoire of Stolen Souls

   Spells                             Type                      Level
   a - Animate Skeleton               Necromancy                   1
   b - Regeneration                   Charms/Necromancy            3
Comestibles
 f - 3 bread rations
 k - a meat ration


   Skills:
 - Level 2.4 Fighting
   Level 1.2 Bows
 - Level 1.0 Throwing
 + Level 5.3 Shields
 * Level 9.0 Unarmed Combat
 - Level 2.0 Spellcasting
 + Level 3.8 Invocations


You had 6 spell levels left.
You knew the following spells:

 Your Spells              Type           Power        Failure   Level  Hunger
a - Passwall              Tmut/Erth      #.........   71%         2    ###....
b - Passage of Golubria   Tloc           N/A          100%        4    #####..


Dungeon Overview and Level Annotations

Branches:
Dungeon (9/15)             Temple (1/1) D:4
   Lair: D:8-11         Orc: D:9-12

Altars:
Ashenzari
Cheibriados
Elyvilon
Fedhas
Gozag
Hepliaklqana
Kikubaaqudgha
Makhleb
Nemelex Xobeh
Qazlal
Ru
Vehumet
Xom
Yredelemnul
Zin

Shops:
D:5 (


Innate Abilities, Weirdness & Mutations

You are too large for most types of armour.
You have claws for hands.
Your metabolism is lightning-fast.
You like to eat raw meat.
Your natural rate of healing is unusually fast.
You are covered in fur. (AC +1)
You have very tough skin. (AC +2)


Message History

You feel sick.
Unknown command.
* * * LOW HITPOINT WARNING * * *
You feel sick.
You see here a water moccasin corpse.
Unknown command.
You feel a strong urge to attack something.
* * * LOW HITPOINT WARNING * * *
You feel sick.
Unknown command.
You are no longer berserk.
You pass out from exhaustion.
You feel yourself slow down.
* * * LOW HITPOINT WARNING * * *
You feel sick.
* * * LOW HITPOINT WARNING * * *
You feel sick.
* * * LOW HITPOINT WARNING * * *
You feel sick.
You die...

#####+####
#........#
#........#
#......†.#
#........#
#?...@...#
#..%.....#
#.....<..#
#........#
+........#
#........#
###+######


There were no monsters in sight!

Vanquished Creatures
  The ghost of DEFE the Cutter, an amateur DEFi of Cheibriados (D:4)
  A water moccasin (D:9)
  2 ice beasts
  An orc warrior (D:7)
  3 ogres
  2 phantoms
  2 centaurs (D:7)
  A crocodile (D:8)
  2 bullfrogs (D:6)
  A wyvern zombie (D:7)
  A scorpion (D:7)
  A crimson imp (D:5)
  A bullfrog skeleton (D:7)
  2 hounds (D:5)
  8 orc wizards
  4 orc priests
  5 iguanas
  A worker ant (D:4)
  A hound skeleton (D:9)
  4 adders
  A shadow imp (D:7)
  An adder skeleton (D:5)
  2 leopard geckos
  7 orcs
  2 bats
  A giant cockroach (D:7)
  A hobgoblin (D:5)
  4 jackals
  2 quokkas
  A kobold (D:2)
  A leopard gecko skeleton (D:4)
  A rat (D:3)
68 creatures vanquished.

Vanquished Creatures (others)
  A fungus (D:8)
1 creature vanquished.

Grand Total: 69 creatures vanquished

Notes
Turn   | Place    | Note
-------+----------+-------------------------------------------
     0 | D:1      | 4thArraOfDagon the Troll Wanderer began the quest for the Orb.
     0 | D:1      | 4thArraOfDagon set off with: a +0 shield, the Grimoire of Stolen Souls, a +0 robe, a +0 club, 2 bread rations
     0 | D:1      | Reached XP level 1. HP: 22/22 MP: 2/2
     0 | D:1      | Identified the Grimoire of Stolen Souls
   189 | D:3      | Reached skill level 1 in Unarmed Combat
   189 | D:3      | Reached XP level 2. HP: 29/29 MP: 4/4
   200 | D:3      | Reached XP level 3. HP: 36/36 MP: 5/5
   295 | D:4      | Noticed DEFE's ghost (amateur DEFi)
   402 | D:5      | Entered Level 5 of the Dungeon
   402 | D:5      | Found Cimomept's Antique Weapon Shop.
   429 | D:5      | Reached skill level 2 in Unarmed Combat
   448 | D:5      | Reached skill level 3 in Unarmed Combat
   448 | D:5      | Reached XP level 4. HP: 39/44 MP: 6/6
   498 | D:5      | Learned a level 2 spell: Passwall
   503 | D:5      | Learned a level 4 spell: Passage of Golubria
   568 | D:5      | Reached XP level 5. HP: 43/50 MP: 7/7
   575 | D:5      | Reached skill level 4 in Unarmed Combat
   595 | D:5      | Found a sacrificial altar of Ru.
   710 | D:5      | Noticed a phantom
   713 | D:6      | Noticed an ogre
   735 | D:6      | Reached XP level 6. HP: 30/59 MP: 8/8
   736 | D:6      | Reached skill level 5 in Unarmed Combat
  1003 | D:6      | Reached XP level 7. HP: 66/66 MP: 9/9
  1097 | D:6      | Reached skill level 6 in Unarmed Combat
  1142 | D:4      | Found a staircase to the Ecumenical Temple.
  1146 | Temple   | Entered the Ecumenical Temple
  1179 | Temple   | Became a worshipper of Cheibriados the Contemplative
  1234 | D:4      | Killed DEFE's ghost
  1308 | D:5      | Reached skill level 1 in Invocations
  1362 | D:5      | Reached skill level 7 in Unarmed Combat
  1415 | D:7      | Reached XP level 8. HP: 57/74 MP: 10/10
  1433 | D:7      | Reached * piety under Cheibriados
  1494 | D:7      | Reached skill level 8 in Unarmed Combat
  1617 | D:8      | Reached skill level 5 in Shields
  1639 | D:8      | Identified a +2 rod of inaccuracy (11/11) (You found it on level 6 of the Dungeon)
  1667 | D:9      | Reached XP level 9. HP: 6/80 MP: 11/11
  1667 | D:9      | HP: 6/120 [poisoned by a water moccasin]
  1671 | D:9      | Reached skill level 9 in Unarmed Combat
  1672 | D:9      | HP: 4/120 [poisoned by a water moccasin]
  1676 | D:9      | HP: 1/80 [poisoned by a water moccasin]
  1677 | D:9      | Succumbed to a water moccasin's poison

Vault maps used:
D:1:      dpeg_arrival_snail
D:3:      kennysheep_generic_room_10
D:4:      hangedman_abyss_or_decor_lesser_grid
D:5:      first_bread, serial_shops, shop, minivault_23,
          nicolae_ru_great_annihilating_truth
D:8:      minmay_lair_entry_grove
D:9:      blue_anna_alchemist, led_sif_pool
Temple:   kilobyte_greek_temple

Skill      XL: |  1  2  3  4  5  6  7  8  9 |
---------------+----------------------------+-----
Unarmed Combat | 1 3 4 5 7 8 9 |  9.0
Shields        | 2 3 4 5 |  5.3
Invocations    | 2 3 |  3.8
Fighting       | |  2.4
Bows           | |  1.2
Throwing       | |  1.0
Spellcasting   | |  2.0

Action                   |  1- 3 |  4- 6 |  7- 9 || total
-------------------------+-------+-------+-------++-------
Melee: Unarmed           |    50 |    97 |   142 ||   289
Evoke: Wand              |       |       |     4 ||     4
  Use: Potion            |     1 |       |     3 ||     4
       Scroll            |       |     2 |     2 ||     4
 Stab: Paralysed         |       |     2 |       ||     2
       Sleeping          |       |     1 |     2 ||     3
  Eat: Chunk             |     8 |     6 |     6 ||    20
Armor: Robe              |    24 |    24 |    29 ||    77
Dodge: Dodged            |    15 |    26 |    26 ||    67
Block: Shield            |    20 |    41 |    62 ||   123
